 Dungeon Crawl Stone Soup version 0.29-a0-409-gd843f3a48c (webtiles) character file.

Game seed: 779621441846430071

10389 holysushi the Martial Artist (level 11, -7/86 HPs)
             Began as a Mummy Necromancer on May 14, 2022.
             Was an Initiate of Gozag.
             Mangled by an eight-headed hydra (8 damage)
             ... on level 2 of the Lair of Beasts.
             The game lasted 00:30:34 (12841 turns).

holysushi the Martial Artist (Mummy Necromancer)   Turns: 12841, Time: 00:30:35

Health: -7/86      AC: 12    Str: 23    XL:     11   Next: 35%
Magic:  18/18      EV: 16    Int: 16    God:    Gozag
Gold:   416        SH:  0    Dex: 19    Spells: 12/19 levels left

rFire   x . .      SeeInvis .     - Unarmed
rCold   + . .      Faith    .   (no shield)
rNeg    + + +      Spirit   .   x - +2 robe {rN+}
rPois   ∞          Reflect  .   e - +1 helmet
rElec   .          Harm     .   o - +1 cloak
rCorr   .          Rampage  .   d - +2 pair of gloves {Dex+3}
Will    +....                   w - +0 pair of boots
Stlth   ++........              b - amulet of regeneration
HPRegen 1.04/turn               p - +6 ring of strength
MPRegen 0.16/turn               g - +6 ring of strength

@: gold aura
A: cold resistance 1, negative energy resistance 3, torment resistance 2, heat
vulnerability 1, in touch with death 1, no potions
a: Renounce Religion, Potion Petition, Call Merchant, Bribe Branch


You were on level 2 of the Lair of Beasts.
You worshipped Gozag.
Gozag was aware of your devotion.
You visited 3 branches of the dungeon, and saw 12 of its levels.
You visited the Abyss 1 time.
You also visited: Ossuary.

You collected 1798 gold pieces.
You spent 366 gold pieces at shops.
You paid 1016 gold pieces to Gozag.

Inventory:

Hand Weapons
 t - a +4 hand axe of electrocution
Missiles
 q - a throwing net
Armour
 d - a +2 pair of gloves of dexterity (worn)
 e - a +1 helmet (worn)
 o - a +1 cloak (worn)
 w - a +0 pair of boots (worn)
 x - a +2 robe of positive energy (worn)
Jewellery
 b - an amulet of regeneration (around neck)
 g - a +6 ring of strength (right hand)
 i - a +6 ring of intelligence
 p - a +6 ring of strength (left hand)
 s - a ring of willpower
Wands
 l - a wand of flame (2)
 r - a wand of iceblast (2)
Scrolls
 a - 2 scrolls of blinking
 c - 6 scrolls of vulnerability
 h - a scroll of fog
 j - 2 scrolls of magic mapping
 k - 2 scrolls of noise
 m - 7 scrolls of teleportation
 n - 3 scrolls of poison
 u - a scroll of immolation
 v - a scroll of amnesia
 y - a scroll of fear


   Skills:
 + Level 8.2 Fighting
 + Level 6.5 Dodging
 - Level 1.5 Stealth
 * Level 10.6 Unarmed Combat
 - Level 4.8 Spellcasting
 - Level 2.0 Hexes
 - Level 4.0 Necromancy
 - Level 3.7 Evocations


You had 12 spell levels left.
You knew the following spells:

 Your Spells              Type           Power      Damage    Failure   Level
a - Pain                  Necr           100%       1d9       3%          1
b - Vampiric Draining     Necr           25%        2d7       9%          3
c - Confusing Touch       Hex            10%        N/A       21%         3

Your spell library contained the following spells:

 Spells                   Type           Power      Damage    Failure   Level
 Animate Skeleton         Necr           50%        N/A       3%          1
 Slow                     Hex            40%        N/A       7%          1
 Animate Dead             Necr           12%        N/A       30%         4
 Agony                    Necr           25%        N/A       63%         5
 Fulminant Prism          Conj/Hex       3%         3d6       71%         4
 Iskenderun's Mystic Bla  Conj/Tloc      3%         2d3       83%         4
 Fireball                 Conj/Fire      1%         3d3       99%         5
 Iskenderun's Battlesphe  Conj           3%         2d6       99%         5
 Lee's Rapid Deconstruct  Erth           1%         3d5*      99%         5
 Conjure Ball Lightning   Conj/Air       1%         3x3d6     100%        6
 Orb of Destruction       Conj           1%         9d5       100%        7


Dungeon Overview and Level Annotations

Branches:
Dungeon (9/15)             Temple (1/1) D:5            Lair (2/6) D:9
Ossuary (visited)
  Swamp: Lair:2-4    Shoals: Lair:2-4     Snake: Lair:2-4    Spider: Lair:2-4
    Orc: D:9-12

Altars:
Cheibriados
Dithmenos
Elyvilon
Fedhas
Gozag
Hepliaklqana
Kikubaaqudgha
Makhleb
Nemelex Xobeh
Okawaru
Qazlal
Ru
Sif Muna
Trog
Uskayaw
Vehumet
Wu Jian
Xom
Yredelemnul
Zin
The Shining One

Shops:
D:6 *[   D:7 *   D:8 =

Annotations:
D:2 1 runed translucent door, Crazy Yiuf
D:4 exclusion: downstairs
D:9 Erolcha, Joseph
Lair:1 exclusions: downstairs and upstairs
Lair:2 exclusion: catoblepas


Innate Abilities, Weirdness & Mutations

You are immune to poison.
Your flesh is cold resistant. (rC+)
You are immune to negative energy. (rN+++)
You are immune to unholy pain and torment.
You are vulnerable to heat. (rF-)
You are in touch with the powers of death.
You do not drink.


Message History

The eight-headed hydra is no longer distracted by gold.
The eight-headed hydra roars!
The eight-headed hydra is moderately wounded.
The eight-headed hydra barely misses you.
The eight-headed hydra bites you.
* * * LOW HITPOINT WARNING * * *
The eight-headed hydra bites you.
* * * LOW HITPOINT WARNING * * *
The eight-headed hydra bites you but does no damage.
The eight-headed hydra bites you.
* * * LOW HITPOINT WARNING * * *
The eight-headed hydra barely misses you.
The eight-headed hydra bites you but does no damage.
The eight-headed hydra closely misses you.
The eight-headed hydra is distracted by your dazzling golden aura.
Unknown command.
Aiming: Iceblast
Press: ? - help, Shift-Dir - straight line, f - eight-headed hydra
Aim: an eight-headed hydra (moderately wounded, unaware, covered in acid, hasn't noticed you)
The mass of ice explodes!
The iceblast engulfs the eight-headed hydra!!
The eight-headed hydra is severely wounded.
The eight-headed hydra is no longer distracted by gold.
The eight-headed hydra roars!
Aiming: Iceblast
Press: ? - help, Shift-Dir - straight line, f/p - eight-headed hydra
Aim: an eight-headed hydra (heavily wounded, covered in acid)
Okay, then.
Aiming: Corrosive Bolt
Press: ? - help, Shift-Dir - straight line, f/p - eight-headed hydra
Aim: an eight-headed hydra (heavily wounded, covered in acid, 91% to hit)
The bolt of acid hits the eight-headed hydra!
The eight-headed hydra seems to be corroded for longer.
The eight-headed hydra is severely wounded.
The now-empty wand crumbles to dust.
The eight-headed hydra bites you!
* * * LOW HITPOINT WARNING * * *
The eight-headed hydra barely misses you.
The eight-headed hydra bites you!
You die...
Your body crumbles into a pile of gold.

...# #..# #.. #$#
#$# #.## ##
##..## #.# #.D#.#
..# ##@### #..
##.## ..####
#...#
##.#.###.P.##
#.#.........# .#
#....P#...#.#
#.#.#.....##..#.#
##...#...####.#.#
#.#.#.###...#
#...#


You could see an eight-headed hydra (corroded).

Vanquished Creatures
  A hydra (Lair:2)
  Nergalle (Lair:1)
  An elephant (D:9)
  6 cane toads
  2 kobold demonologists (D:9)
  A hornet (D:9)
  10 yaks (Lair:1)
  A basilisk (D:9)
  7 water moccasins
  2 black bears
  2 orc warriors
  An ogre (D:6)
  A centaur (D:4)
  A phantom (D:5)
  7 bullfrogs
  A necrophage (D:5)
  A kobold brigand (D:9)
  2 wyvern zombies (Ossuary)
  4 scorpions
  4 water moccasin zombies (Ossuary)
  8 wights (D:7)
  5 killer bees (D:8)
  An electric eel (Lair:2)
  A howler monkey (D:6)
  7 bullfrog zombies (Ossuary)
  3 orc priests (D:9)
  4 centaur zombies (Ossuary)
  5 gnoll shamans
  A jelly (D:7)
  4 hounds
  2 iguanas
  3 orc wizards
  3 killer bee zombies (Ossuary)
  4 howler monkey zombies (Ossuary)
  12 mummies (Ossuary)
  Robin (D:3)
  27 gnolls
  11 adders
  3 ufetubi
  2 worms (D:3)
  2 dart slugs
  10 orcs
  13 ball pythons
  6 bats
  7 endoplasms
  15 goblins
  10 hobgoblins
  7 jackals
  5 frilled lizards
  A goblin zombie (D:6)
  5 kobolds
  A rat zombie (D:6)
245 creatures vanquished.

Vanquished Creatures (others)
  10 fungi
  14 plants
  4 withered plants (Ossuary)
28 creatures vanquished.

Grand Total: 273 creatures vanquished

Notes
Turn   | Place    | Note
-------+----------+-------------------------------------------
     0 | D:1      | holysushi the Mummy Necromancer began the quest for the
                  | Orb.
     0 | D:1      | Reached XP level 1. HP: 13/13 MP: 4/4
   281 | D:1      | Reached XP level 2. HP: 19/19 MP: 1/6
  1633 | D:1      | Gained mutation: You are in touch with the powers of death.
                  | [Mummy growth]
  1633 | D:1      | Reached XP level 3. HP: 23/24 MP: 5/8
  1995 | D:2      | Learned a level 3 spell: Vampiric Draining
  2123 | D:2      | Found a faded altar of an unknown god.
  2131 | D:2      | Prayed at the altar of an unknown god.
  2131 | D:2      | Became a worshipper of Gozag Ym Sagoz the Greedy
  2331 | D:2      | Reached skill level 1 in Unarmed Combat
  2331 | D:2      | Reached XP level 4. HP: 31/31 MP: 5/10
  2412 | D:2      | Reached skill level 1 in Fighting
  2506 | D:2      | Found a runed translucent door.
  2507 | D:2      | Noticed Crazy Yiuf
  3623 | D:3      | Found a radiant altar of Vehumet.
  3623 | D:3      | Found a bloodstained altar of Trog.
  3623 | D:3      | Found a blossoming altar of Fedhas.
  3655 | D:3      | Found a basalt altar of Yredelemnul.
  3660 | D:3      | Found an iron altar of Okawaru.
  3700 | D:3      | Noticed Robin
  3773 | D:3      | Killed Robin
  3774 | D:3      | Reached skill level 2 in Unarmed Combat
  3903 | D:4      | Reached XP level 5. HP: 38/38 MP: 9/12
  4201 | D:4      | Noticed a centaur
  4215 | D:4      | Killed a centaur
  4428 | D:5      | Entered Level 5 of the Dungeon
  4455 | D:5      | Noticed a water moccasin
  4468 | D:5      | Killed a water moccasin
  4469 | D:5      | Reached skill level 3 in Unarmed Combat
  4469 | D:5      | Reached XP level 6. HP: 30/44 MP: 5/13
  4550 | D:5      | Noticed a water moccasin
  4563 | D:5      | Killed a water moccasin
  4564 | D:5      | Reached skill level 1 in Evocations
  4691 | D:5      | Reached skill level 4 in Unarmed Combat
  4691 | D:5      | Reached XP level 7. HP: 49/49 MP: 14/14
  4783 | D:4      | Learned a level 3 spell: Confusing Touch
  5139 | D:5      | Found a staircase to the Ecumenical Temple.
  5172 | Temple   | Entered the Ecumenical Temple
  5441 | D:5      | Reached skill level 5 in Unarmed Combat
  5731 | D:6      | Found Ieidgh's Incredible Inventory.
  5892 | D:6      | Reached XP level 8. HP: 28/57 MP: 8/15
  5908 | D:6      | Found Gisk's Armour Boutique.
  5913 | D:6      | Bought a +2 pair of gloves of dexterity for 258 gold pieces
  5913 | D:6      | Bought a +0 cloak for 54 gold pieces
  5955 | D:6      | Found a sand-covered staircase.
  5973 | Ossuary  | Entered an ossuary
  6298 | Ossuary  | Reached skill level 6 in Unarmed Combat
  6713 | Ossuary  | Reached skill level 7 in Unarmed Combat
  6726 | Ossuary  | Reached XP level 9. HP: 55/67 MP: 16/16
  6919 | D:6      | Reached skill level 5 in Fighting
  8126 | D:7      | Found Loarr's Assorted Antiques.
  8134 | D:7      | Bought a wand of flame (6) for 27 gold pieces
  8134 | D:7      | Bought a wand of flame (9) for 27 gold pieces
  8548 | D:7      | Reached skill level 8 in Unarmed Combat
  9811 | D:8      | Found Ixeanimm's Jewellery Boutique.
 10038 | D:9      | Reached skill level 1 in Hexes
 10130 | D:9      | Found a staircase to the Lair.
 10130 | D:9      | Noticed a death yak
 10130 | D:9      | Noticed an elephant
 10237 | D:9      | Reached XP level 10. HP: 75/76 MP: 17/17
 10254 | D:9      | Killed an elephant
 10508 | D:9      | Noticed Erolcha
 10543 | D:9      | Noticed a soul eater
 10545 | D:9      | Cast into level 1 of the Abyss (Erolcha)
 10581 | Abyss:1  | Noticed a wretched star
 10582 | D:9      | Escaped the Abyss
 10591 | D:9      | Noticed a two-headed ogre
 10620 | D:9      | Reached skill level 5 in Dodging
 10620 | D:9      | Noticed Joseph
 10781 | D:9      | Reached skill level 9 in Unarmed Combat
 10873 | Lair:1   | Entered Level 1 of the Lair of Beasts
 10940 | Lair:1   | Noticed a cane toad
 10960 | Lair:1   | Killed a cane toad
 11204 | Lair:1   | Noticed a cane toad
 11216 | Lair:1   | Killed a cane toad
 11294 | Lair:1   | Noticed Nergalle
 11610 | Lair:1   | Reached skill level 10 in Unarmed Combat
 12150 | Lair:1   | Killed Nergalle
 12151 | Lair:1   | Reached XP level 11. HP: 56/85 MP: 18/18
 12516 | Lair:2   | Noticed a catoblepas
 12528 | Lair:2   | Noticed an eight-headed hydra
 12788 | Lair:2   | Noticed a six-headed hydra
 12794 | Lair:2   | Killed a six-headed hydra
 12841 | Lair:2   | HP: 1/86 [eight-headed hydra (13)]
 12841 | Lair:2   | Mangled by an eight-headed hydra

Illustrated notes

Levels and vault maps discovered:
D:1:      nzn_arrival_depleted_hourglass, layout_basic, st_stairs_8,
          kennysheep_minor_cross, minivault_11
D:2:      layout_basic, hellmonk_ecumenical_altar_slurped_away,
          minmay_shallow_snake_nest, uniq_crazy_yiuf_cottage
D:3:      layout_basic, minmay_overflow_temple_hex, uniq_robin
D:4:      layout_rooms, minmay_strange_pillars, minmay_misc_feat_tiny,
          abandoned_shop
D:5:      layout_basic, minmay_temple_entry_butterflies
D:6:      layout_basic, enter_ossuary_4, serial_shops,
          nicolae_shop_hallway_plus, grunt_decor_junction,
          nicolae_alphabet_shops
D:7:      layout_basic, serial_shops, shop, grunt_ministairs_14
D:8:      layout_rooms, serial_shops, nicolae_lakefront_shop, minivault_27,
          hangedman_abyss_or_decor_stabs, hangedman_decor_peaks_small
D:9:      layout_basic, david_lair_generic, serial_shops, nicolae_shop_stone,
          uniq_joseph, uniq_erolcha
Temple:   regret_index_temple_generic_petals
Lair:1:   layout_layer_cave, minivault_26, nicolae_quartered_pool_little,
          uniq_nergalle
Lair:2:   layout_loops_ring, elwin_shoals_entry_rocks, basic_altar,
          infiniplex_staircase_pool

Skill      XL: |  1  2  3  4  5  6  7  8  9 10 11 |
---------------+----------------------------------+-----
Spellcasting   | 3 4 |  4.8
Unarmed Combat | 1 2 3 4 5 7 8 10 | 10.6
Fighting       | 1 2 4 6 7 8 |  8.2
Dodging        | 2 3 4 6 |  6.5
Evocations     | 1 2 3 |  3.7
Hexes          | 1 2 |  2.0
Stealth        | |  1.5
Necromancy     | |  4.0

Action                   |  1- 3 |  4- 6 |  7- 9 | 10-12 || total
-------------------------+-------+-------+-------+-------++-------
Melee: Unarmed           |    12 |   110 |   690 |   323 ||  1135
       Punch             |       |     1 |    32 |    18 ||    51
 Cast: Pain              |    73 |    76 |   113 |     3 ||   265
       Vampiric Draining |       |     6 |    13 |     5 ||    24
       Confusing Touch   |       |       |     3 |     2 ||     5
Invok: Potion Petition   |       |       |       |     2 ||     2
Evoke: Wand              |       |     2 |    33 |    14 ||    49
  Use: Scroll            |       |     5 |    11 |     6 ||    22
 Stab: Distracted        |       |       |     3 |     1 ||     4
       Confused          |       |       |     1 |       ||     1
       Sleeping          |       |       |     1 |       ||     1
       Invisible         |       |       |       |     2 ||     2
Armor: Robe              |    16 |    46 |   200 |    82 ||   344
Dodge: Dodged            |    31 |   116 |   510 |   208 ||   865

Table legend: (Time is in decaauts)
 A = Elapsed time spent in this place.
 B = Non-inter-level travel time spent in this place.
 C = Inter-level travel time spent in this place.
 D = Time resting spent in this place.
 E = Time spent auto-exploring this place.
 F = Levels seen in this place.
 G = Mean time per level.
                   A        B        C        D        E       F      G
               +--------+--------+--------+--------+--------+-----+--------+
         Total |  12704 |  12087 |    617 |   1932 |   6397 |  14 |  907.4 |
       Dungeon |   9615 |   9170 |    445 |   1525 |   5127 |   9 | 1068.3 |
        Temple |    229 |    201 |     28 |      0 |    190 |   1 |  229.0 |
          Lair |   1911 |   1768 |    143 |    211 |    992 |   2 |  955.5 |
         Abyss |     36 |     36 |      0 |      0 |      0 |   1 |   36.0 |
       Ossuary |    910 |    910 |      0 |    195 |     88 |   1 |  910.0 |
               +--------+--------+--------+--------+--------+-----+--------+

Top non-repeatable levels by time:
  Lair:1: 1665 daAuts
     D:7: 1521 daAuts
     D:2: 1448 daAuts
     D:1: 1405 daAuts
     D:6: 1190 daAuts
     D:3: 1087 daAuts
     D:5: 1078 daAuts
 Ossuary: 910 daAuts
     D:9: 813 daAuts
     D:8: 564 daAuts
     D:4: 506 daAuts
  Lair:2: 245 daAuts
  Temple: 229 daAuts
 Abyss:1: 36 daAuts
